Map: Deathaura LE

Players

redbusman - Winner!

  • Race: Terran Terran
  • League: Silver
  • Spawn Location: 11:00

Wrel

  • Race: Terran Terran
  • League: Bronze
  • Spawn Location: 5:00

VOD

Have the link to the VOD?

Description

Time

  • Played on: July 20, 2020, 11:10 p.m.
  • Length: 9:00
Show
View Real Time Build Order
Export as new Build Order

redbusman Terran - Winner!

Build Orders:  

Get SALT Encoding   

  12  0:01  SCV  
  13  0:13  SCV  
  14  0:18  Supply Depot  
  14  0:25  SCV  
  15  0:40  SCV  
  16  0:43  Barracks  
  16  0:49  Refinery  
  16  0:52  SCV  
  17  1:04  SCV  
  18  1:16  SCV  
  19  1:33  Marine  
  19  1:35  Command Center  
  20  1:40  Orbital Command  
  20  1:55  Barracks Reactor  
  20  2:11  Factory  
  20  2:21  SCV  
  21  2:31  Supply Depot  
  21  2:32  Supply Depot  
  21  2:33  SCV  
  22  2:45  SCV  
  22  2:49  Orbital Command  
  23  2:51  Marine x2  
  23  2:58  SCV  
  26  3:01  Starport  
  26  3:09  Marine x2  
  26  3:10  SCV  
  29  3:14  Refinery  
  29  3:27  Marine, Engineering Bay  
  29  3:31  SCV  
  31  3:42  Starport Tech Lab  
  31  3:43  SCV, Factory Tech Lab  
  31  3:47  Barracks  
  32  3:52  Barracks  
  32  3:53  Marine  
  32  3:54  Marine  
  32  3:55  SCV  
  35  4:01  Supply Depot  
  35  4:06  Bunker  
  35  4:07  SCV  
  35  4:11  Marine x2  
  37  4:19  SCV  
  38  4:26  Supply Depot  
  38  4:29  Terran Infantry Weapons Level 1, Marine x2  
  40  4:44  Stimpack  
  40  4:47  Combat Shield, Marine x2  
  42  4:54  Hellion  
  42  4:57  Marine x2  
  46  5:01  Medivac  
  46  5:05  Marine x2  
  50  5:15  Marine x2  
  50  5:18  Missile Turret  
  52  5:22  Marine, Missile Turret  
  52  5:23  Marine  
  52  5:25  Factory Tech Lab  
  54  5:31  Medivac  
  54  5:33  Marine x2  
  58  5:38  Supply Depot  
  58  5:40  Supply Depot, Marine  
  58  5:41  Supply Depot, Marine  
  60  5:51  Cyclone, Marine x2  
  65  5:58  Marine x2  
  67  6:08  Marine, SCV  
  67  6:09  Marauder  
  67  6:10  SCV  
  72  6:20  SCV  
  72  6:22  SCV  
  72  6:23  Terran Infantry Armor Level 1  
  74  6:27  Marauder  
  74  6:31  Marauder  
  74  6:32  SCV  
  79  6:34  SCV  
  79  6:39  Refinery  
  80  6:40  Refinery  
  80  6:42  Marine x2  
  80  6:44  SCV  
  80  6:46  Medivac  
  85  6:48  Marauder  
  85  6:51  Marine  
  88  6:56  SCV  
  88  7:00  Marine x2  
  90  7:09  Marine x2  
  90  7:16  Medivac  
  90  7:18  Marine x2  
  93  7:27  Marine  
  94  8:16  Marine  
  94  8:24  Marine x2  
  94  8:33  Marine x2  
  92  8:41  Marine x2  
Show
View Real Time Build Order
Export as new Build Order

Wrel Terran 

Build Orders:  

Get SALT Encoding   

  12  0:09  Supply Depot  
  12  0:13  SCV  
  13  0:34  Barracks  
  13  0:40  Supply Depot  
  13  0:44  Refinery  
  13  0:50  SCV  
  14  1:02  SCV  
  15  1:12  Engineering Bay  
  15  1:15  SCV  
  16  1:27  Orbital Command  
  16  1:33  Marine  
  17  1:52  Barracks Reactor  
  17  2:05  Bunker  
  17  2:23  Factory  
  17  2:24  SCV  
  18  2:36  SCV  
  19  2:40  Command Center  
  19  2:44  Marine x2  
  21  2:53  Refinery  
  21  3:02  Marine  
  22  3:09  Starport  
  22  3:12  Factory Tech Lab  
  22  3:21  SCV  
  23  3:31  Marine x2  
  25  3:40  SCV  
  26  3:47  Missile Turret  
  26  3:49  Marine x2  
  26  3:52  SCV  
  29  3:58  Cyclone  
  32  4:04  SCV  
  30  4:16  SCV  
  31  4:28  SCV  
  32  4:40  SCV  
  33  4:58  Orbital Command  
  32  5:08  Starport  
  32  5:09  Starport Tech Lab  
  32  5:14  Missile Turret  
  32  5:30  Refinery  
  32  5:31  SCV  
  32  5:35  Missile Turret  
  33  5:39  Cyclone  
  36  5:43  SCV  
  37  5:55  SCV  
  37  5:56  Missile Turret  
  38  6:02  Fusion Core  
  38  6:08  SCV  
  39  6:15  Raven  
  41  6:18  Missile Turret  
  41  6:20  SCV  
  42  6:32  SCV  
  43  6:40  Missile Turret  
  43  6:58  Starport Tech Lab  
  43  6:59  Armory  
  37  7:30  Banshee x2  
  43  7:50  Hellion  
  45  7:59  Supply Depot  
  45  8:20  Hellion  
  45  8:21  Hellion  
  45  8:24  Supply Depot  
Tags
 
Matchup
TvT
Race
Terran
Spawn Locations
Cross Positions
Add a new tag
Caveats
  • Supply blocks, unpowered buildings, or Contaminate may cause inaccurate times.
  • Supply counts are checked every 10 seconds.